 Dungeon Sprint DCSS version 0.30-a0-4-ga7cffc901d (webtiles) character file.

Game seed: 2248634719815323264

36 mhtbhm the Covert (level 3, 0/18 HPs)
             Began as a Spriggan Brigand on Aug 21, 2022.
             Slain by a water elemental (18 damage)
             ... in the Dungeon (Sprint III: "The Ten Rune Challenge").
             The game lasted 00:00:42 (454 turns).

mhtbhm the Covert (Spriggan Brigand)                 Turns: 454, Time: 00:00:43

Health: 0/18       AC:  3    Str:  7    XL:     3   Next: 19%
Magic:  4/4        EV: 16    Int: 12    God:
Gold:   18         SH:  0    Dex: 18    Spells: 2/2 levels left

rFire   . . .      SeeInvis +    a - +2 dagger
rCold   + . .      Faith    .    (no shield)
rNeg    . . .      Spirit   .    b - +0 robe
rPois   .          Reflect  .    (helmet restricted)
rElec   .          Harm     .    c - +0 cloak
rCorr   .          Rampage  .    (gloves unavailable)
Will    .....      NoTele   +    (boots unavailable)
Stlth   +++++.....               (no amulet)
HPRegen 0.06/turn                (no ring)
MPRegen 0.09/turn                (no ring)

@: very quick
A: very small, no large weapons, unfitting armour, see invisible, speed 3, horns
1, cold resistance 1
a: no special abilities


You were in the Dungeon.
You visited 1 branch You collected 18 gold pieces.

Inventory:

Hand Weapons
 a - a +2 dagger (weapon)
Missiles
 d - 6 poisoned darts
 e - 2 curare-tipped darts (quivered)
Armour
 b - a +0 robe (worn)
 c - a +0 cloak (worn)
Scrolls
 k - a scroll of blinking
 l - 2 scrolls of immolation {unknown}
 m - 3 scrolls of identify
 n - a scroll of poison {unknown}
Potions
 f - 3 potions of curing
 g - a potion of heal wounds
 h - a potion of haste
 i - 2 potions of magic
 j - a potion of berserk rage
 o - a potion of flight {unknown}
 p - 5 potions of mutation


   Skills:
 + Level 2.0 Fighting
 + Level 2.9 Short Blades
 + Level 3.2 Throwing
 + Level 1.6 Dodging
 + Level 10.0 Stealth


You had 2 spell levels left.
You didn't know any spells.
Your spell library was empty.

Dungeon Overview and Level Annotations

Branches:
Dungeon (1/1)

Altars:


Innate Abilities, Weirdness & Mutations

You are very small and have problems with some larger weapons.
You are too small for most types of armour.
You have supernaturally acute eyesight. (SInv)
You cover ground extremely quickly. (Speed+++)
You have a pair of small horns on your head.
Your flesh is cold resistant. (rC+)


Message History

You feel agile. x2
e - 2 curare-tipped darts (gained 1)
You start waiting.
You start waiting.
d - 5 poisoned darts (gained 1)
You start waiting.
Done waiting.
d - 6 poisoned darts (gained 1)
You start waiting.
You open the door.
Found 14 gold pieces and 2 potions of mutation.
There is an open door here.
You now have 10 gold pieces (gained 6).
l - 2 scrolls labelled ZEMEUN GERAJ;
m - a scroll of identify
f - 3 potions of curing (gained 2)
Things that are here:
a potion of mutation; 2 potions of mutation
n - a scroll labelled EMAUSIUPUO;
m - 3 scrolls of identify (gained 2)
o - a metallic amethyst potion
Things that are here:
a potion of mutation; 2 potions of mutation You now have 18 gold pieces (gained 8).
Things that are here:
a potion of mutation; 2 potions of mutation
p - a potion of mutation
p - 2 potions of mutation (gained 1);
p - 4 potions of mutation (gained 2)
p - 6 potions of mutation (gained 2) Really quaff the potion of mutation?
You feel extremely strange.
You feel less in control of your magic.
You regain control of your magic.
You feel resistant to cold. A pair of horns grows on your head!
There is an open door here.
You enter the shallow water.
Moving in this stuff is going to be slow.
You open the door.
A water elemental comes into view.
There is an open door to the Ecumenical Temple here.
The water elemental hits you!!
Ouch! That really hurt!
You die...

▓▓▓▓▓▓▓▓ ▓▓▓ #..'...♣♣♣
♣.# #..#.....♣ ♣.#
####.....♣♣ ♣.#
...#....~.♣♣♣♣.###+#+###
...#...~~.♣....#........
..[#..~~~~♣♣.♣.'.⌠......
##'#..~≈≈~~~...#@..####
...#.~~≈~~~....#.E.#
...#.~≈~~~.....#...#
...#.~~~.......#+###
####...........#
........÷......#
▓▓▓▓▓▓▓▓▓▓▓▓▓▓▓▓


You could see a water elemental.

Vanquished Creatures
  A human (D)
  A wolf (D)
  2 endoplasms (D)
  2 rats (D)
6 creatures vanquished.

Notes
Turn   | Place    | Note
-------+----------+-------------------------------------------
     0 | D        | mhtbhm the Spriggan Brigand began the quest for the Orb.
     0 | D        | Reached XP level 1. HP: 10/10 MP: 2/2
     5 | D        | Reached skill level 6 in Stealth
     8 | D        | Reached skill level 7 in Stealth
    45 | D        | Reached skill level 9 in Stealth
    45 | D        | Reached XP level 2. HP: 7/15 MP: 3/3
   220 | D        | Reached skill level 10 in Stealth
   220 | D        | Reached XP level 3. HP: 18/18 MP: 4/4
   433 | D        | Gained mutation: Your spells are a little harder to cast,
                  | but a little more powerful. [potion of mutation]
   433 | D        | Lost mutation: Your spells are a little harder to cast, but
                  | a little more powerful. [potion of mutation]
   433 | D        | Gained mutation: Your flesh is cold resistant. (rC+)
                  | [potion of mutation]
   433 | D        | Gained mutation: You have a pair of small horns on your
                  | head. [potion of mutation]
   453 | D        | Noticed a water elemental
   454 | D        | Slain by a water elemental

Illustrated notes

Levels and vault maps discovered:
D:        dungeon_sprint_mu [sprint_mu_entry_forest, sprint_mu_temple_rooms,
          sprint_mu_d1_spiders, sprint_mu_d2_genie, sprint_mu_d3_branching,
          sprint_mu_orc_legion, sprint_mu_elf_gauntlet, sprint_mu_hive_nellie,
          sprint_mu_lair_fedhas, sprint_mu_vaults_butterflies,
          sprint_mu_slime_circle, sprint_mu_shoals_archi,
          sprint_mu_snake_twists, sprint_mu_blade_basic, sprint_mu_crypt_lich,
          sprint_mu_tomb_spiral, sprint_mu_vestibule_basic,
          sprint_mu_gehenna_hellfire, sprint_mu_dis_giant,
          sprint_mu_tartarus_statrot, sprint_mu_cocytus_islands, sprint_mu_zot1]

Skill      XL: |  1  2 |
---------------+-------+-----
Stealth        | 9 10 | 10.0
Fighting       | 2 |  2.0
Throwing       | 3 |  3.2
Short Blades   | |  2.9
Dodging        | |  1.6

Action                   || total
-------------------------++-------
Melee: Dagger            ||     8
Throw: Dart              ||    11
  Use: Potion            ||     1
 Stab: Sleeping          ||     4
Armor: Robe              ||     1
Dodge: Dodged            ||     1

Table legend: (Time is in decaauts)
 A = Elapsed time spent in this place.
 B = Non-inter-level travel time spent in this place.
 C = Inter-level travel time spent in this place.
 D = Time resting spent in this place.
 E = Time spent auto-exploring this place.
 F = Levels seen in this place.
 G = Mean time per level.
                   A        B        C        D        E       F      G
               +--------+--------+--------+--------+--------+-----+--------+
         Total |    416 |    416 |      0 |    321 |      9 |   1 |  416.0 |
       Dungeon |    416 |    416 |      0 |    321 |      9 |   1 |  416.0 |
               +--------+--------+--------+--------+--------+-----+--------+

Top non-repeatable levels by time:
       D: 416 daAuts
